 Dungeon Crawl Stone Soup version 0.31-a0-631-g285b096dc4 (webtiles) character file.

Game seed: 3846097450585256903

13785 senseless the Nimble (level 11, 53/53 HPs)
             Began as a Felid Shapeshifter on Aug 26, 2023.
             Was the Champion of the Shining One.
             Quit the game on level 11 of the Dungeon.
             The game lasted 00:33:25 (8398 turns).

senseless the Nimble (Felid Shapeshifter)           Turns: 8398, Time: 00:33:26

Health: 53/53      AC:  2    Str: 15    XL:     11   Next: 80%
Magic:  15/15      EV: 29    Int: 10    God:    the Shining One [******]
Gold:   667        SH:  0    Dex: 23    Spells: 10/10 levels left
                                        Lives:  1   Deaths: 1

rFire   . .          .
                       - Unarmed
rCold   . . .        (shield unavailable)
rNeg    + + +        (body armour unavailable)
rPois   +            (helmet unavailable)
rElec   .            (cloak unavailable)
rCorr   .            (gloves unavailable)
SInv    +            (boots unavailable)
Will    +....        e - amulet of regeneration
Stlth   +            n - +6 ring of dexterity
HPRegen 1.08/turn    g - ring of poison resistance
MPRegen 0.14/turn

%: no passive effects
@: flux-form, glowing, studying Unarmed Combat, quick
A: glow, contaminating, very small, claws 1, fangs 3, see invisible, speed 1,
shaggy fur 2, stealthy paws, no weapons or thrown items, no armour, multi-lived
a: Begin Untransformation, Renounce Religion, Divine Shield, Cleansing Flame,
Summon Divine Warrior


You were on level 11 of the Dungeon.
You worshipped the Shining One.
The Shining One was exalted by your worship.
You were something dangerously unstable.
You visited 1 branch of the dungeon, and saw 11 of its levels.
You also visited: Ossuary.

You collected 667 gold pieces.

Inventory:

Jewellery
 e - an amulet of regeneration (around neck)
 g - a ring of poison resistance (right paw)
 n - a +6 ring of dexterity (left paw)
 u - an amulet of the acrobat
 D - a ring of ice
Talismans
 b - a beast talisman
 c - a flux talisman (active)
 C - a maw talisman
Wands
 t - a wand of iceblast (11) (quivered)
 v - a wand of charming (19)
 w - a wand of flame (18)
 B - a wand of acid (4)
Scrolls
 h - 4 scrolls of fear
 i - a scroll of silence
 k - 2 scrolls of immolation
 m - a scroll of poison
 o - 3 scrolls of teleportation
 y - 2 scrolls of fog
Potions
 a - 4 potions of lignification
 d - a potion of cancellation
 f - 3 potions of resistance
 j - 2 potions of haste
 l - 4 potions of attraction
 p - 2 potions of magic
 q - a potion of berserk rage {unknown}
 r - 4 potions of mutation
 x - 2 potions of brilliance {unknown}
 z - a potion of might {unknown}
 A - 2 potions of curing {unknown}
Miscellaneous
 s - a phial of floods


   Skills:
 + Level 9.3 Fighting
 + Level 12.4 Dodging
 - Level 2.6 Stealth
 + Level 10.2 Unarmed Combat
 + Level 4.4 Invocations
 + Level 9.9 Shapeshifting


You had 10 spell levels left.
You didn't know any spells.
Your spell library contained the following spells:

 Spells                   Type           Power      Damage    Failure   Level
 Shock                    Conj/Air       0%         1d3       36%         1
 Swiftness                Air            0%         N/A       75%         3
 Airstrike                Air            0%         2d(0-16)  98%         4
 Alistair's Intoxication  Tmut/Pois      0%         N/A       100%        5
 Borgnjor's Vile Clutch   Necr/Erth      0%         N/A       100%        5
 Eringya's Noxious Bog    Tmut/Pois      0%         4d6       100%        6


Dungeon Overview and Level Annotations

Branches:
Dungeon (11/15)            Temple (0/1) D:6            Lair (0/5) D:9
Ossuary (visited)
    Orc: D:9-12

Altars:
Cheibriados
Dithmenos
Elyvilon
Fedhas
Kikubaaqudgha
Nemelex Xobeh
Qazlal
Sif Muna
Xom
The Shining One

Shops:
D:2 [   D:7 (


Innate Abilities, Weirdness & Mutations

You are something dangerously unstable.
You glow with magical radiation, making you easy to see and hit.
Foes you strike become dangerously contaminated with magical radiation.
You have sharp claws.
You have razor-sharp teeth.
You have supernaturally acute eyesight. (SInv)
You cover ground quickly. (Speed+)
You are covered in thick fur. (AC +2)
Your paws help you pounce on unaware monsters.
You are incapable of wielding weapons or throwing items.
You cannot wear armour.
You gain extra lives every three experience levels.


Message History

The two-headed ogre shudders as magic cascades through it!!
You kill the two-headed ogre!
You pick up a book of Air and begin reading...
You add the spells Shock, Swiftness and Airstrike to your library.
Okay, then.
HP restored.
Found 6 poisoned darts.
A seven-headed hydra comes into view.
The seven-headed hydra roars!
You completely miss the seven-headed hydra.
The seven-headed hydra bites you!
The seven-headed hydra completely misses you.
The seven-headed hydra bites you.
The seven-headed hydra closely misses you.
The seven-headed hydra bites you! The seven-headed hydra bites you.
The seven-headed hydra completely misses you.
You scratch the seven-headed hydra.
The seven-headed hydra begins to glow.
You bite the seven-headed hydra.
The seven-headed hydra is lightly wounded.
The seven-headed hydra bites you. The seven-headed hydra bites you!
* * * LOW HITPOINT WARNING * * *
The seven-headed hydra bites you.
* * * LOW HITPOINT WARNING * * *
The seven-headed hydra misses you.
The seven-headed hydra closely misses you.
The seven-headed hydra completely misses you.
The seven-headed hydra bites you.
* * * LOW HITPOINT WARNING * * *
Okay, then.
You fail to use your ability.
The seven-headed hydra completely misses you.
The seven-headed hydra barely misses you.
The seven-headed hydra bites you.
You die...
Your shape twists and changes as you die.
The seven-headed hydra completely misses you. x2
The seven-headed hydra misses you.
The seven-headed hydra closely misses you.
You rejoin the land of the living...
Are you sure you want to abandon this character and quit the game? (Confirm with "yes".)

###########
#.........#
#.........+
+.........#
#....B....#
#.........#
#.........#
#.........#
########+##


There were no monsters in sight!

Vanquished Creatures
  Fannar (D:10)
  4 two-headed ogres
  Amaemon (D:9)
  Maurice (D:8)
  Joseph (D:8)
  An orange demon (D:9)
  Jeremiah (D:7)
  Psyche (D:9)
  A troll (D:10)
  A hornet (D:10)
  A wraith (D:9)
  6 wyverns (D:9)
  21 yaks
  2 steam dragons (D:9)
  4 water moccasins
  Edmund (D:5)
  4 black bears
  2 ice beasts
  An ogre (D:6)
  3 centaurs
  A wolf (D:9)
  2 phantoms (D:6)
  5 kobold brigands
  An elf zombie (Ossuary)
  3 bullfrogs
  5 scorpions
  5 howler monkeys
  4 centaur zombies (Ossuary)
  4 jellies
  8 orc priests
  2 hounds
  A human zombie (Ossuary)
  2 gnoll boudas
  A sleepcap (D:7)
  Jessica (D:3)
  3 iguanas
  8 orc wizards
  3 mummies
  17 gnolls
  8 adders
  A white imp (D:6)
  An ufetubus (D:5)
  3 adder zombies (Ossuary)
  A worm (D:3)
  33 orcs
  8 bats
  8 endoplasms
  4 giant cockroaches
  3 goblins
  8 hobgoblins
  4 quokkas
  11 ball pythons
  6 frilled lizards
  A goblin zombie (D:8)
  10 hobgoblin zombies (Ossuary)
  A jackal zombie (Ossuary)
  31 kobolds
  9 kobold zombies (Ossuary)
  8 orc zombies
  5 rats
298 creatures vanquished.

Vanquished Creatures (others)
  A butterfly (D:9)
1 creature vanquished.

Grand Total: 299 creatures vanquished

Notes
Turn   | Place    | Note
-------+----------+-------------------------------------------
     0 | D:1      | senseless the Felid Shapeshifter began the quest for the
                  | Orb.
     0 | D:1      | Reached XP level 1. HP: 9/9 MP: 2/2
    35 | D:1      | Reached skill level 3 in Dodging
    35 | D:1      | Reached skill level 1 in Stealth
    35 | D:1      | Reached XP level 2. HP: 10/12 MP: 3/3
   237 | D:1      | Reached XP level 3. HP: 15/15 MP: 4/4
   632 | D:2      | Reached XP level 4. HP: 15/19 MP: 5/5
   787 | D:2      | Found Zutzogul's Armour Shop.
   817 | D:2      | Found a faded altar of an unknown god.
   876 | D:2      | Prayed at the altar of an unknown god.
   876 | D:2      | Became a worshipper of the Shining One
   876 | D:2      | Reached * piety under the Shining One
  1298 | D:3      | Reached skill level 4 in Dodging
  1551 | D:3      | Reached XP level 5. HP: 22/22 MP: 6/6
  1567 | D:3      | Noticed Jessica
  1570 | D:3      | Killed Jessica
  1619 | D:3      | Found a snail-covered altar of Cheibriados.
  1738 | D:3      | Found a shimmering altar of Xom.
  2324 | D:4      | HP: 1/23 [orc priest/divine providence (15)]
  2324 | D:4      | The Shining One protects you from harm!
  2340 | D:3      | Gained mutation: You are covered in thick fur. (AC +2)
                  | [Felid growth]
  2340 | D:3      | Reached XP level 6. HP: 6/27 MP: 7/7
  2473 | D:4      | Reached ** piety under the Shining One
  2568 | D:4      | Found the +7 staff of the Meek {protect, meekguard}
  2620 | D:4      | Reached skill level 5 in Dodging
  2837 | D:5      | Entered Level 5 of the Dungeon
  2886 | D:5      | Reached XP level 7. HP: 25/31 MP: 8/8
  2948 | D:5      | Reached skill level 5 in Shapeshifting
  2966 | D:5      | Noticed Edmund
  3001 | D:5      | Reached skill level 5 in Unarmed Combat
  3009 | D:6      | Reached skill level 6 in Dodging
  3229 | D:5      | HP: 1/31 [Edmund/+2 dire flail of draining (17)]
  3229 | D:5      | The Shining One protects you from harm!
  3237 | D:5      | Killed Edmund
  3238 | D:5      | Reached XP level 8. HP: 20/36 MP: 9/9
  3597 | D:6      | Found a staircase to the Ecumenical Temple.
  3718 | D:6      | Reached skill level 7 in Dodging
  3730 | D:6      | Reached skill level 5 in Fighting
  4397 | D:7      | Found a shimmering blue altar of Sif Muna.
  4499 | D:7      | Noticed Jeremiah
  4532 | D:7      | Reached skill level 8 in Dodging
  4627 | D:7      | Reached XP level 9. HP: 40/41 MP: 10/10
  4648 | D:7      | Found a sparkling altar of Nemelex Xobeh.
  4672 | D:7      | Reached *** piety under the Shining One
  4816 | D:7      | Found Wetuil's Weapon Boutique.
  4899 | D:7      | Killed Jeremiah
  4970 | D:7      | Found a glowing golden altar of the Shining One.
  5055 | D:7      | Reached skill level 9 in Dodging
  5080 | D:7      | Found a blossoming altar of Fedhas.
  5205 | D:8      | Noticed Maurice
  5307 | D:8      | Noticed a two-headed ogre
  5308 | D:8      | Reached XP level 10. HP: 28/47 MP: 11/11
  5346 | D:8      | The Shining One protects you from harm!
  5348 | D:8      | Killed a two-headed ogre
  5349 | D:8      | Reached skill level 10 in Dodging
  5388 | D:8      | Found a sand-covered staircase.
  5395 | Ossuary  | Entered an ossuary
  5401 | Ossuary  | Reached **** piety under the Shining One
  5470 | Ossuary  | Reached ***** piety under the Shining One
  5931 | D:8      | Found an ancient bone altar of Kikubaaqudgha.
  5945 | D:8      | Noticed Joseph
  5957 | D:8      | Killed Joseph
  6120 | D:8      | Identified the orb of Alacos {guile, Str+3 Int+3 Slay-4}
  6206 | D:8      | Found a stormy altar of Qazlal.
  6233 | D:8      | Killed Maurice
  6571 | D:9      | Noticed an orange demon
  6573 | D:9      | Noticed Amaemon
  6573 | D:9      | Noticed a two-headed ogre
  6623 | D:9      | Noticed a two-headed ogre
  6636 | D:9      | Killed a two-headed ogre
  6637 | D:9      | Reached skill level 11 in Dodging
  6637 | D:9      | Reached skill level 1 in Invocations
  6668 | D:9      | Killed Amaemon
  6679 | D:9      | Killed an orange demon
  6680 | D:9      | Reached XP level 11. HP: 24/52 MP: 13/13
  6726 | D:9      | Killed a two-headed ogre
  6777 | D:9      | Noticed Psyche
  6788 | D:9      | Killed Psyche
  6995 | D:9      | Found a staircase to the Lair.
  7165 | D:9      | Reached ****** piety under the Shining One
  7182 | D:9      | Reached skill level 12 in Dodging
  7193 | D:9      | Found a white marble altar of Elyvilon.
  7373 | D:9      | Identified a scroll of acquirement
  7373 | D:9      | Acquired a manual of Unarmed Combat
  7389 | D:10     | Entered Level 10 of the Dungeon
  7536 | D:10     | Found a shadowy altar of Dithmenos.
  7705 | D:10     | Noticed Fannar
  7716 | D:10     | Killed Fannar
  7866 | D:10     | Reached skill level 10 in Unarmed Combat
  8345 | D:11     | Noticed a two-headed ogre
  8353 | D:11     | Killed a two-headed ogre
  8391 | D:11     | Noticed a seven-headed hydra
  8397 | D:11     | Slain by a seven-headed hydra
  8398 | D:11     | Quit the game

Illustrated notes

Levels and vault maps discovered:
D:1:      minmay_arrival_wavy_path, layout_rooms, minmay_misc_feat_cross,
          corexii_leaking_fountain
D:2:      layout_basic, hellmonk_ecumenical_altar_crossroads, serial_shops,
          nicolae_shop_hallway_plus, grunt_decor_cap
D:3:      layout_basic, lemuel_doored_altar, lemuel_tele_altar, serial_rivers,
          chequers_serial_rivers_micro_e, chequers_serial_rivers_large_a,
          chequers_serial_rivers_micro_a, chequers_serial_rivers_micro_a,
          chequers_serial_rivers_micro_a, uniq_jessica
D:4:      layout_cave_pools, pf_guarded_unrand_meek
D:5:      layout_basic, uniq_edmund
D:6:      layout_cave_pools, minmay_temple_entry_butterflies
D:7:      layout_loops_ring, mainiacjoe_overflow_small_starburst,
          mainiacjoe_overflow_boulevard, nicolae_tso_swordbearing_angel,
          kennysheep_little_box, serial_shops,
          nicolae_shop_bloodbath_and_beyond, uniq_jeremiah
D:8:      layout_basic, nicolae_kikubaaqudgha_miasma_corner,
          grunt_qazlal_clouds, nicolae_ossuary_entry_giza, uniq_maurice,
          uniq_joseph
D:9:      layout_basic, nicolae_elyvilon_peaceful_grove,
          minmay_lair_entry_grove, amcnicky_mini_rare_corridor_liquid,
          uniq_amaemon, uniq_psyche
D:10:     layout_loops_corners, grunt_dithmenos_smoke, serial_park_tiny_2,
          uniq_fannar
D:11:     layout_roguey, nicolae_eternal_life, kennysheep_orc_sif_temple

Skill      XL: |  1  2  3  4  5  6  7  8  9 10 11 |
---------------+----------------------------------+-----
Dodging        | 3 4 5 6 8 9 11 12 | 12.4
Stealth        | 1 2 |  2.6
Fighting       | 2 3 4 5 7 8 9 |  9.3
Shapeshifting  | 4 5 6 7 9 |  9.9
Unarmed Combat | 4 5 6 7 9 10 | 10.2
Invocations    | 2 4 |  4.4

Action                     |  1- 3 |  4- 6 |  7- 9 | 10-12 || total
---------------------------+-------+-------+-------+-------++-------
  Melee: Unarmed           |    75 |   148 |   291 |   444 ||   958
         Bite              |     1 |    16 |    39 |    88 ||   144
         Punch             |     2 |     5 |    11 |       ||    18
  Evoke: Wand              |       |       |     4 |       ||     4
    Use: Scroll            |       |    11 |     7 |     5 ||    23
         Potion            |       |     1 |     3 |       ||     4
   Stab: Sleeping          |     3 |     4 |       |       ||     7
 Armour: Skin              |     2 |     4 |     4 |    11 ||    21
  Dodge: Dodged            |    67 |   114 |   262 |   386 ||   829
   Form: Flux              |       |       |     1 |       ||     1

Table legend: (Time is in decaauts)
 A = Elapsed time spent in this place.
 B = Non-inter-level travel time spent in this place.
 C = Inter-level travel time spent in this place.
 D = Time resting spent in this place.
 E = Time spent auto-exploring this place.
 F = Levels seen in this place.
 G = Mean time per level.
                   A        B        C        D        E       F      G
               +--------+--------+--------+--------+--------+-----+--------+
         Total |   6941 |   6422 |    519 |    151 |   4508 |  12 |  578.4 |
       Dungeon |   6734 |   6215 |    519 |    151 |   4438 |  11 |  612.2 |
       Ossuary |    206 |    206 |      0 |      0 |     69 |   1 |  206.0 |
               +--------+--------+--------+--------+--------+-----+--------+

Top non-repeatable levels by time:
     D:8: 939 daAuts
    D:10: 765 daAuts
     D:3: 765 daAuts
     D:7: 724 daAuts
     D:9: 652 daAuts
     D:5: 649 daAuts
     D:2: 636 daAuts
     D:6: 570 daAuts
     D:4: 518 daAuts
     D:1: 450 daAuts
 Ossuary: 206 daAuts
    D:11: 60 daAuts
